WCHLSIM.com - West Coast Hockey League
html PUBLIC "-//W3C//DTD XHTML 1.0 Transitional//EN" "http://www.w3.org/TR/xhtml1/DTD/xhtml1-transitional.dtd"> WCHL - Game 312 - SEATTLE GRUNGE vs SAN DIEGO THUNDER

SEATTLE GRUNGE vs SAN DIEGO THUNDER

Created - 26 novembre 2023 at 21:28

Goals
1 2 3 OT1 T
SEATTLE GRUNGE 0 0 1 1 2
SAN DIEGO THUNDER 0 0 1 0 1
Shots
1 2 3 OT1 T
SEATTLE GRUNGE 10 10 9 4 33
SAN DIEGO THUNDER 6 11 10 1 28

1st period

No Goal

Penalties :
Michael Pezzetta (SDG) for Tripping (Minor) at 13:17, Michael Pezzetta (SDG) for Tripping (Minor) at 18:19

2nd period

No Goal

Penalties :
Mark Kastelic (SDG) for Holding (Minor) at 3:54, Mark Kastelic (SDG) for Roughing (Minor) at 5:55

3rd period

1. SEATTLE GRUNGE , Travis Boyd 8 (Warren Foegele 7, Morgan Geekie 4) at 8:37 (PP)
2. SAN DIEGO THUNDER , Charles McAvoy 3 (Drake Batherson 9) at 18:06 (PP)

Penalties :
Erik Cernak (SDG) for Tripping (Minor) at 7:09, Michael Pezzetta (SDG) for Tripping (Minor) at 13:12, Jakub Vrana (SEA) for Hooking (Minor) at 16:17

Overtime #1

3. SEATTLE GRUNGE , William Nylander 8 (Tyler Seguin 10) at 2:38

Penalties :
No Penalty

Goalie Stats

Karel Vejmelka (SEA), 27 saves from 28 shots - (0,964), W, 9-10-1, 62:39 minutes
Connor Hellebuyck (SDG), 31 saves from 33 shots - (0,939), OTL, 8-8-3, 62:39 minutes

Players Stats for SEATTLE GRUNGE

Player Name              G  A  P  +/- PIM S  H  SB GA TA FO     MP     PP MP  PK MP  
------------------------------------------------------------------------------------
Alexey Toropchenko       0  0  0   0  0   1  2  0  0  0  1/2     5:05   0:00   0:00 
Brett Kulak              0  0  0   0  0   1  4  0  0  0  0/0    24:41   6:37   0:37 
Curtis Lazar             0  0  0   0  0   0  4  0  0  0  0/0    12:15   0:23   0:00 
Jakub Vrana              0  0  0   0  2   1  0  0  0  0  0/1     5:04   0:00   0:00 
Jimmy Vesey              0  0  0   0  0   2  0  0  0  0  0/2    14:26   2:34   0:00 
Kaiden Guhle             0  0  0   0  0   0  0  1  0  0  0/0    22:36   4:46   1:12 
Morgan Geekie            0  1  1   0  0   1  1  0  0  0  0/0    19:30   4:40   0:00 
Nick Seeler              0  0  0   0  0   0  0  1  0  0  0/0    14:00   0:00   0:19 
Nico Sturm               0  0  0   0  0   1  0  0  0  0  0/1    19:44   4:43   0:00 
Nikita Zaitsev           0  0  0   0  0   0  1  2  0  0  0/0    19:00   4:42   0:37 
Rem Pitlick              0  0  0   0  0   1  1  0  0  0  2/4     5:05   0:00   0:00 
Sean Monahan             0  0  0   0  0   2  0  0  0  0  7/14   13:43   0:00   0:53 
Travis Boyd              1  0  1   0  0   4  1  0  0  0  9/16   22:10   5:18   0:53 
Travis Sanheim           0  0  0   1  0   1  1  1  0  0  0/0    25:24   6:37   0:37 
Tyler Seguin             0  1  1   1  0   4  0  0  0  0  24/31  22:58   5:31   0:56 
Warren Foegele           0  1  1   0  0   4  1  1  0  0  0/2    20:00   4:59   0:00 
William Borgen           0  0  0   0  0   1  0  0  0  0  0/0    16:58   0:04   0:16 
William Nylander         1  0  1   1  0   9  0  0  0  0  0/2    23:28   6:01   0:56 

Players Stats for SAN DIEGO THUNDER

Player Name              G  A  P  +/- PIM S  H  SB GA TA FO     MP     PP MP  PK MP  
------------------------------------------------------------------------------------
Adam Boqvist             0  0  0   0  0   0  0  1  0  0  0/0    14:31   0:00   0:00 
Alexandre Carrier        0  0  0   0  0   0  1  0  0  0  0/0    15:01   0:00   0:30 
Aliaksei Protas          0  0  0   0  0   0  0  0  0  0  4/9     6:57   0:00   0:06 
Charles McAvoy           1  0  1  -1  0   2  1  0  0  0  0/0    25:42   1:05   5:39 
Connor Murphy            0  0  0   0  0   1  3  2  0  0  0/0    21:28   0:44   5:44 
Denis Malgin             0  0  0   0  0   1  4  0  0  0  0/2    13:29   0:44   0:00 
Derek Forbort            0  0  0   0  0   1  0  0  0  0  0/0    21:28   0:44   5:44 
Drake Batherson          0  1  1  -1  0   3  2  1  0  0  9/28   24:40   1:05   6:39 
Elmer Soderblom          0  0  0   0  0   2  0  0  0  0  0/0    11:57   0:00   0:00 
Erik Cernak              0  0  0   0  2   2  5  0  0  0  0/0    24:28   1:05   5:09 
Filip Zadina             0  0  0   0  0   0  0  0  0  0  0/0     6:51   0:00   0:00 
Frank Vatrano            0  0  0  -1  0   4  2  0  0  0  2/3    24:40   1:05   6:39 
Isac Lundestrom          0  0  0   0  0   2  2  1  0  0  1/1    13:29   0:44   0:00 
Jake Neighbours          0  0  0   0  0   2  0  0  0  0  0/0    11:57   0:00   0:00 
Joel Farabee             0  0  0   0  0   1  1  0  0  0  2/8    21:56   1:05   4:38 
Mark Kastelic            0  0  0   0  4   0  5  0  0  0  7/14   11:55   0:00   0:00 
Michael Pezzetta         0  0  0   0  6   3  0  0  0  0  1/1     6:54   0:00   0:06 
Wyatt Johnston           0  0  0   0  0   4  0  0  0  0  6/9    19:05   0:44   4:38 

3 Stars

1 - Karel Vejmelka (SEA)
2 - William Nylander (SEA)
3 - Connor Hellebuyck (SDG)

Power Play

SEATTLE GRUNGE - 1 on 6 Attempt(s) - 16,67%
SAN DIEGO THUNDER - 1 on 1 Attempt(s) - 100,00%

Penalty Kill

SEATTLE GRUNGE - 0 on 1 Attempt(s) - 0,00% - Score 0 goal in Penalty Kill
SAN DIEGO THUNDER - 5 on 6 Attempt(s) - 83,33% - Score 0 goal in Penalty Kill

Team Stat

SEATTLE GRUNGE - Hits : 16 - Faceoff Wins : 43 - Blocked Shots : 6 - Penalty Minutes : 2
SAN DIEGO THUNDER - Hits : 26 - Faceoff Wins : 32 - Blocked Shots : 5 - Penalty Minutes : 12

Official

Referees : Reid Anderson and Dan O'Rourke
Linesman : Travis Toomey and Scott Cherrey

Game Notes

No Game Note

Finance

Level 1 -- Attendance: 5411 (86,30%) -- Ticket Income 946 925 $
Level 2 -- Attendance: 4520 (84,96%) -- Ticket Income 542 400 $
Level 3 -- Attendance: 2090 (100,00%) -- Ticket Income 209 000 $
Level 4 -- Attendance: 3784 (87,59%) -- Ticket Income 264 880 $
Luxury Box -- Attendance: 1000 (100,00%) -- Ticket Income 300 000 $
Total Attendance: 16805 (88,45%)
Total Ticket Income: 2 263 205 $
Other Expense: 22 632 $
Total Income: 2 240 573 $

SEATTLE GRUNGE

5 vs 5 Forward 
   Center                   Left Wing                Right Wing               Time % Phy DF OF 
 1 Tyler Seguin             Morgan Geekie            William Nylander         37     1   2  2  
 2 Travis Boyd              Warren Foegele           Nico Sturm               33     1   2  2  
 3 Sean Monahan             Jimmy Vesey              Curtis Lazar             23     1   2  2  
 4 Rem Pitlick              Jakub Vrana              Alexey Toropchenko       7      1   2  2  

5 vs 5 Defense 
   Defense                  Defense                                           Time % Phy DF OF 
 1 Travis Sanheim           Brett Kulak                                       40     1   2  2  
 2 Kaiden Guhle             William Borgen                                    35     1   2  2  
 3 Nikita Zaitsev           Nick Seeler                                       25     1   2  2  
 4 Travis Sanheim           Brett Kulak                                       0      1   2  2  

PowerPlay Forward 
   Center                   Left Wing                Right Wing               Time % Phy DF OF 
 1 Tyler Seguin             Nico Sturm               William Nylander         55     1   2  2  
 2 Travis Boyd              Warren Foegele           Morgan Geekie            45     1   2  2  

PowerPlay Defense
   Defense                  Defense                                           Time % Phy DF OF 
 1 Travis Sanheim           Brett Kulak                                       55     1   2  2  
 2 Kaiden Guhle             Nikita Zaitsev                                    45     1   2  2  

Penalty Kill 4 Players Forward 
   Center                   Wing                     Time % Phy DF OF 
 1 William Nylander         Tyler Seguin             55     1   2  2  
 2 Travis Boyd              Sean Monahan             45     1   2  2  

Penalty Kill 4 Players Defense
   Defense                  Defense                  Time % Phy DF OF 
 1 Travis Sanheim           Brett Kulak              55     1   2  2  
 2 Kaiden Guhle             Nikita Zaitsev           45     1   2  2  

Penalty Kill - 3 Players Forward 
   Forward                                           Time % Phy DF OF 
 1 Nico Sturm                                        55     1   2  2  
 2 Curtis Lazar                                      45     1   2  2  

Penalty Kill - 3 Players Defense
   Defense                  Defense                  Time % Phy DF OF 
 1 Travis Sanheim           Brett Kulak              55     1   2  2  
 2 Kaiden Guhle             Nikita Zaitsev           45     1   2  2  

4 vs 4 Forward 
   Center                   Wing                     Time % Phy DF OF 
 1 William Nylander         Tyler Seguin             55     1   2  2  
 2 Travis Boyd              Sean Monahan             45     1   2  2  

4 vs 4 Defense
   Defense                  Defense                  Time % Phy DF OF 
 1 Travis Sanheim           Brett Kulak              55     1   2  2  
 2 Kaiden Guhle             Nikita Zaitsev           45     1   2  2  

Last Minutes Offensive
   Center                   Left Wing                Right Wing               Defense                  Defense                  
   Tyler Seguin             Nico Sturm               William Nylander         Travis Sanheim           Brett Kulak              

Last Minutes Defensive
   Center                   Left Wing                Right Wing               Defense                  Defense                  
   Tyler Seguin             Nico Sturm               William Nylander         Travis Sanheim           Brett Kulak              

Goaltenders
Starting : Karel Vejmelka           
Backup : Casey DeSmith            

Extra Forwards
Normal : Jimmy Vesey, Curtis Lazar, Jakub Vrana - PP : Jimmy Vesey, Curtis Lazar - PK : Jakub Vrana
Extra Defensemen
Normal : William Borgen, Nick Seeler, Kaiden Guhle - PP : William Borgen - PK : Nick Seeler, Kaiden Guhle
Penalty Shots
William Nylander, Tyler Seguin, Travis Boyd, Sean Monahan, Nico Sturm
Custom OT Lines Forwards
William Nylander, Tyler Seguin, Travis Boyd, Sean Monahan, Nico Sturm, Warren Foegele, Jimmy Vesey, Morgan Geekie, Curtis Lazar, Jakub Vrana
Custom OT Lines Defensemen
Travis Sanheim, Brett Kulak, Kaiden Guhle, Nikita Zaitsev, William Borgen

Scratches
Chris Tierney (Healthy), Radim Simek (Healthy), Semyon Varlamov (Sprained Right Knee Injury)

SAN DIEGO THUNDER

5 vs 5 Forward 
   Center                   Left Wing                Right Wing               Time % Phy DF OF 
 1 Drake Batherson          Frank Vatrano            Joel Farabee             36     1   1  3  
 2 Wyatt Johnston           Isac Lundestrom          Denis Malgin             31     1   1  3  
 3 Mark Kastelic            Jake Neighbours          Elmer Soderblom          23     1   1  3  
 4 Aliaksei Protas          Michael Pezzetta         Filip Zadina             10     1   2  2  

5 vs 5 Defense 
   Defense                  Defense                                           Time % Phy DF OF 
 1 Charles McAvoy           Erik Cernak                                       36     1   2  2  
 2 Connor Murphy            Derek Forbort                                     31     1   2  2  
 3 Adam Boqvist             Alexandre Carrier                                 23     1   2  2  
 4 Charles McAvoy           Erik Cernak                                       10     1   2  2  

PowerPlay Forward 
   Center                   Left Wing                Right Wing               Time % Phy DF OF 
 1 Drake Batherson          Frank Vatrano            Joel Farabee             55     1   2  2  
 2 Wyatt Johnston           Isac Lundestrom          Denis Malgin             45     1   2  2  

PowerPlay Defense
   Defense                  Defense                                           Time % Phy DF OF 
 1 Charles McAvoy           Erik Cernak                                       55     1   2  2  
 2 Connor Murphy            Derek Forbort                                     45     1   2  2  

Penalty Kill 4 Players Forward 
   Center                   Wing                     Time % Phy DF OF 
 1 Drake Batherson          Frank Vatrano            55     1   2  2  
 2 Joel Farabee             Wyatt Johnston           45     1   2  2  

Penalty Kill 4 Players Defense
   Defense                  Defense                  Time % Phy DF OF 
 1 Charles McAvoy           Erik Cernak              55     1   2  2  
 2 Connor Murphy            Derek Forbort            45     1   2  2  

Penalty Kill - 3 Players Forward 
   Forward                                           Time % Phy DF OF 
 1 Drake Batherson                                   55     1   2  2  
 2 Frank Vatrano                                     45     1   2  2  

Penalty Kill - 3 Players Defense
   Defense                  Defense                  Time % Phy DF OF 
 1 Charles McAvoy           Erik Cernak              55     1   2  2  
 2 Connor Murphy            Derek Forbort            45     1   2  2  

4 vs 4 Forward 
   Center                   Wing                     Time % Phy DF OF 
 1 Drake Batherson          Frank Vatrano            55     1   2  2  
 2 Joel Farabee             Wyatt Johnston           45     1   2  2  

4 vs 4 Defense
   Defense                  Defense                  Time % Phy DF OF 
 1 Charles McAvoy           Erik Cernak              55     1   2  2  
 2 Connor Murphy            Derek Forbort            45     1   2  2  

Last Minutes Offensive
   Center                   Left Wing                Right Wing               Defense                  Defense                  
   Drake Batherson          Frank Vatrano            Joel Farabee             Charles McAvoy           Erik Cernak              

Last Minutes Defensive
   Center                   Left Wing                Right Wing               Defense                  Defense                  
   Drake Batherson          Frank Vatrano            Joel Farabee             Charles McAvoy           Erik Cernak              

Goaltenders
Starting : Connor Hellebuyck        
Backup : Arvid Soderblom          

Extra Forwards
Normal : Drake Batherson, Jake Neighbours, Aliaksei Protas - PP : Frank Vatrano, Jake Neighbours - PK : Aliaksei Protas
Extra Defensemen
Normal : Adam Boqvist, Alexandre Carrier, Connor Murphy - PP : Adam Boqvist - PK : Alexandre Carrier, Connor Murphy
Penalty Shots
Drake Batherson, Frank Vatrano, Joel Farabee, Wyatt Johnston, Isac Lundestrom
Custom OT Lines Forwards
Drake Batherson, Frank Vatrano, Joel Farabee, Wyatt Johnston, Isac Lundestrom, Mark Kastelic, Jake Neighbours, Aliaksei Protas, Denis Malgin, Elmer Soderblom
Custom OT Lines Defensemen
Charles McAvoy, Erik Cernak, Connor Murphy, Derek Forbort, Adam Boqvist

Scratches
Luke Kunin (Right Hand Injury), Evander Kane (Fractured Bone in Left Hand Injury), Steven Lorentz (Sprained Right Knee Injury), Akira Schmid (Right Leg Injury)

% Time on Ice - SEATTLE GRUNGE

Lines # - Real PCT - Wanted PCT - Time Play
Normal Forward
1 - 32% - 37% - 14:50
2 - 32% - 33% - 15:01
3 - 25% - 23% - 11:52
4 - 11% - 7% - 5:05
Normal Defense
1 - 35% - 40% - 16:29
2 - 36% - 35% - 16:38
3 - 29% - 25% - 13:41
4 - 0% - 0% - 0:00
PP Forward
1 - 53% - 55% - 6:05
2 - 47% - 45% - 5:18
PP Defense
1 - 58% - 55% - 6:37
2 - 42% - 45% - 4:46
PK Forward
1 - 51% - 55% - 0:56
2 - 49% - 45% - 0:53
PK Defense
1 - 34% - 55% - 0:37
2 - 66% - 45% - 1:12
PK3 Forward
1 - 0% - 55%
2 - 0% - 45%
PK3 Defense
1 - 0% - 55%
2 - 0% - 45%
44 Forward
1 - 0% - 55%
2 - 0% - 45%
44 Defense
1 - 0% - 55%
2 - 0% - 45%
Last Minute Offensive  - 0:00
Last Minute Defensive  - 0:00
Total
Forward - 60:00
Defense - 60:00

% Time on Ice - SAN DIEGO THUNDER

Lines # - Real PCT - Wanted PCT - Time Play
Normal Forward
1 - 33% - 36% - 15:15
2 - 27% - 31% - 12:45
3 - 26% - 23% - 11:57
4 - 15% - 10% - 6:51
Normal Defense
1 - 34% - 36% - 15:58
2 - 32% - 31% - 15:00
3 - 31% - 23% - 14:31
4 - 3% - 10% - 1:19
PP Forward
1 - 60% - 55% - 1:05
2 - 40% - 45% - 0:44
PP Defense
1 - 60% - 55% - 1:05
2 - 40% - 45% - 0:44
PK Forward
1 - 59% - 55% - 6:45
2 - 41% - 45% - 4:38
PK Defense
1 - 50% - 55% - 5:39
2 - 50% - 45% - 5:44
PK3 Forward
1 - 0% - 55%
2 - 0% - 45%
PK3 Defense
1 - 0% - 55%
2 - 0% - 45%
44 Forward
1 - 0% - 55%
2 - 0% - 45%
44 Defense
1 - 0% - 55%
2 - 0% - 45%
Last Minute Offensive  - 0:00
Last Minute Defensive  - 0:00
Total
Forward - 60:00
Defense - 60:00

Play-by-Play

1st period


0:01 of 1st period - Tyler Seguin wins face-off versus Drake Batherson in neutral zone.
0:01 of 1st period - William Nylander is hit by Joel Farabee and loses puck.
0:56 of 1st period - Shot by Denis Malgin.
0:56 of 1st period - Shot Misses the Net.
1:49 of 1st period - Shot by Warren Foegele.
1:49 of 1st period - Stopped by Connor Hellebuyck with a rebound.
1:51 of 1st period - Shot by William Borgen.
1:51 of 1st period - Stopped by Connor Hellebuyck without a rebound.
1:52 of 1st period - Aliaksei Protas wins face-off versus Sean Monahan in SAN DIEGO THUNDER zone.
1:52 of 1st period - Aliaksei Protas is hit by Curtis Lazar.
1:57 of 1st period - Adam Boqvist is hit by Nikita Zaitsev and loses puck.
2:52 of 1st period - Shot by Warren Foegele.
2:52 of 1st period - Stopped by Connor Hellebuyck without a rebound.
2:53 of 1st period - Alexey Toropchenko wins face-off versus Mark Kastelic in SAN DIEGO THUNDER zone.
2:59 of 1st period - Rem Pitlick is hit by Erik Cernak and loses puck.
3:07 of 1st period - Off-side.
3:08 of 1st period - Travis Boyd wins face-off versus Drake Batherson in neutral zone.
4:12 of 1st period - Kaiden Guhle is hit by Mark Kastelic and loses puck.
4:34 of 1st period - Shot by Erik Cernak.
4:34 of 1st period - Shot Blocked by Warren Foegele.
5:02 of 1st period - Jake Neighbours is hit by Curtis Lazar and loses puck.
5:28 of 1st period - Icing by Jimmy Vesey.
5:29 of 1st period - Wyatt Johnston wins face-off versus Sean Monahan in SEATTLE GRUNGE zone.
6:30 of 1st period - Drake Batherson is hit by Brett Kulak and loses puck.
7:23 of 1st period - Icing by Adam Boqvist.
7:24 of 1st period - Rem Pitlick wins face-off versus Aliaksei Protas in SAN DIEGO THUNDER zone.
7:33 of 1st period - Shot by Rem Pitlick.
7:33 of 1st period - Stopped by Connor Hellebuyck without a rebound.
7:34 of 1st period - Wyatt Johnston wins face-off versus Travis Boyd in SAN DIEGO THUNDER zone.
7:48 of 1st period - Nick Seeler is hit by Denis Malgin and loses puck.
8:41 of 1st period - Shot by Frank Vatrano.
8:41 of 1st period - Stopped by Karel Vejmelka without a rebound.
8:42 of 1st period - Mark Kastelic wins face-off versus Sean Monahan in SEATTLE GRUNGE zone.
8:42 of 1st period - Mark Kastelic is hit by Brett Kulak.
9:55 of 1st period - Sean Monahan is hit by Connor Murphy and loses puck.
10:06 of 1st period - Shot by Drake Batherson.
10:06 of 1st period - Stopped by Karel Vejmelka without a rebound.
10:07 of 1st period - Tyler Seguin wins face-off versus Aliaksei Protas in SEATTLE GRUNGE zone.
10:23 of 1st period - Shot by Charles McAvoy.
10:23 of 1st period - Shot Blocked by Kaiden Guhle.
10:31 of 1st period - Shot by Michael Pezzetta.
10:31 of 1st period - Shot Misses the Net.
10:33 of 1st period - Shot by Charles McAvoy.
10:33 of 1st period - Shot Misses the Net.
10:35 of 1st period - Shot by Erik Cernak.
10:35 of 1st period - Stopped by Karel Vejmelka with a rebound.
10:37 of 1st period - Shot by Erik Cernak.
10:37 of 1st period - Shot Misses the Net.
10:39 of 1st period - Shot by Charles McAvoy.
10:39 of 1st period - Shot Misses the Net.
10:41 of 1st period - Shot by Michael Pezzetta.
10:41 of 1st period - Stopped by Karel Vejmelka without a rebound.
10:42 of 1st period - Travis Boyd wins face-off versus Wyatt Johnston in SEATTLE GRUNGE zone.
11:04 of 1st period - Shot by Travis Boyd.
11:04 of 1st period - Shot Misses the Net.
11:16 of 1st period - Shot by Isac Lundestrom.
11:16 of 1st period - Stopped by Karel Vejmelka with a rebound.
11:58 of 1st period - Shot by Drake Batherson.
11:58 of 1st period - Shot Misses the Net.
12:44 of 1st period - Icing by William Borgen.
12:45 of 1st period - Tyler Seguin wins face-off versus Aliaksei Protas in SEATTLE GRUNGE zone.
13:17 of 1st period - Minor Penalty to Michael Pezzetta for Tripping.
13:18 of 1st period - Tyler Seguin wins face-off versus Drake Batherson in SAN DIEGO THUNDER zone.
14:10 of 1st period - Off-side.
14:11 of 1st period - Joel Farabee wins face-off versus Jimmy Vesey in neutral zone.
14:32 of 1st period - Shot by Jimmy Vesey.
14:32 of 1st period - Shot Misses the Net.
14:34 of 1st period - Shot by Kaiden Guhle.
14:34 of 1st period - Shot Blocked by Connor Murphy.
15:10 of 1st period - Shot by Morgan Geekie.
15:10 of 1st period - Stopped by Connor Hellebuyck without a rebound.
15:11 of 1st period - Tyler Seguin wins face-off versus Joel Farabee in SAN DIEGO THUNDER zone.
15:12 of 1st period - Shot by Kaiden Guhle.
15:12 of 1st period - Shot Hit the Post.
15:14 of 1st period - Shot by Nico Sturm.
15:14 of 1st period - Stopped by Connor Hellebuyck without a rebound.
15:15 of 1st period - Tyler Seguin wins face-off versus Joel Farabee in SAN DIEGO THUNDER zone.
15:18 of 1st period - Shot by William Nylander.
15:18 of 1st period - Stopped by Connor Hellebuyck with a rebound.
15:20 of 1st period - Shot by Rem Pitlick.
15:20 of 1st period - Shot Misses the Net.
15:28 of 1st period - Shot by Jakub Vrana.
15:28 of 1st period - Stopped by Connor Hellebuyck without a rebound.
15:29 of 1st period - Wyatt Johnston wins face-off versus Sean Monahan in SAN DIEGO THUNDER zone.
15:42 of 1st period - Shot by Wyatt Johnston.
15:42 of 1st period - Stopped by Karel Vejmelka with a rebound.
16:28 of 1st period - Nico Sturm is hit by Frank Vatrano and loses puck.
16:58 of 1st period - Shot by Frank Vatrano.
16:58 of 1st period - Shot Blocked by Travis Sanheim.
17:36 of 1st period - Shot by William Nylander.
17:36 of 1st period - Deflect By Tyler Seguin.
17:36 of 1st period - Stopped by Connor Hellebuyck without a rebound.
17:37 of 1st period - Aliaksei Protas wins face-off versus Rem Pitlick in SAN DIEGO THUNDER zone.
17:37 of 1st period - Aliaksei Protas is hit by Alexey Toropchenko.
17:53 of 1st period - Shot by Aliaksei Protas.
17:53 of 1st period - Shot Misses the Net.
17:55 of 1st period - Shot by Michael Pezzetta.
17:55 of 1st period - Shot Misses the Net.
18:19 of 1st period - Minor Penalty to Michael Pezzetta for Tripping.
18:20 of 1st period - Drake Batherson wins face-off versus Tyler Seguin in SAN DIEGO THUNDER zone.
18:33 of 1st period - Shot by William Nylander.
18:33 of 1st period - Stopped by Connor Hellebuyck with a rebound.
Goals for this period are 0 for SEATTLE GRUNGE vs 0 for SAN DIEGO THUNDER.
Shots for this period are 10 for SEATTLE GRUNGE vs 6 for SAN DIEGO THUNDER.

2nd period


0:01 of 2nd period - Tyler Seguin wins face-off versus Drake Batherson in neutral zone.
0:43 of 2nd period - Shot by Sean Monahan.
0:43 of 2nd period - Stopped by Connor Hellebuyck without a rebound.
0:44 of 2nd period - Drake Batherson wins face-off versus William Nylander in SAN DIEGO THUNDER zone.
0:44 of 2nd period - Drake Batherson is hit by Morgan Geekie.
0:52 of 2nd period - William Nylander is hit by Drake Batherson.
1:02 of 2nd period - Frank Vatrano is hit by Travis Sanheim and loses puck.
1:19 of 2nd period - Shot by Tyler Seguin.
1:19 of 2nd period - Shot Misses the Net.
2:00 of 2nd period - Shot by Travis Boyd.
2:00 of 2nd period - Stopped by Connor Hellebuyck with a rebound.
2:02 of 2nd period - Shot by Travis Boyd.
2:02 of 2nd period - Shot Misses the Net.
2:04 of 2nd period - Shot by Travis Boyd.
2:04 of 2nd period - Deflect By Warren Foegele.
2:04 of 2nd period - Stopped by Connor Hellebuyck without a rebound.
2:05 of 2nd period - Mark Kastelic wins face-off versus Jimmy Vesey in SAN DIEGO THUNDER zone.
2:05 of 2nd period - Mark Kastelic is hit by Curtis Lazar.
2:25 of 2nd period - Shot by Jimmy Vesey.
2:25 of 2nd period - Shot Blocked by Adam Boqvist.
2:33 of 2nd period - Shot by Jimmy Vesey.
2:33 of 2nd period - Stopped by Connor Hellebuyck without a rebound.
2:34 of 2nd period - Travis Boyd wins face-off versus Drake Batherson in SAN DIEGO THUNDER zone.
3:33 of 2nd period - Nick Seeler is hit by Isac Lundestrom and loses puck.
3:48 of 2nd period - Shot by Wyatt Johnston.
3:48 of 2nd period - Deflect By Denis Malgin.
3:48 of 2nd period - Stopped by Karel Vejmelka without a rebound.
3:49 of 2nd period - Tyler Seguin wins face-off versus Mark Kastelic in SEATTLE GRUNGE zone.
3:49 of 2nd period - Tyler Seguin is hit by Mark Kastelic.
3:54 of 2nd period - Minor Penalty to Mark Kastelic for Holding.
3:55 of 2nd period - Drake Batherson wins face-off versus Tyler Seguin in SAN DIEGO THUNDER zone.
4:10 of 2nd period - Shot by Wyatt Johnston.
4:10 of 2nd period - Shot Misses the Net.
4:53 of 2nd period - Icing by Kaiden Guhle.
4:54 of 2nd period - Travis Boyd wins face-off versus Joel Farabee in SEATTLE GRUNGE zone.
5:39 of 2nd period - Icing by Nico Sturm.
5:40 of 2nd period - Tyler Seguin wins face-off versus Drake Batherson in SEATTLE GRUNGE zone.
5:54 of 2nd period - Nico Sturm is hit by Mark Kastelic.
5:55 of 2nd period - Minor Penalty to Mark Kastelic for Roughing.
5:56 of 2nd period - Joel Farabee wins face-off versus Warren Foegele in SAN DIEGO THUNDER zone.
5:56 of 2nd period - Joel Farabee is hit by Travis Boyd.
6:22 of 2nd period - Icing by Nikita Zaitsev.
6:23 of 2nd period - Frank Vatrano wins face-off versus Travis Boyd in SEATTLE GRUNGE zone.
6:36 of 2nd period - Shot by Drake Batherson.
6:36 of 2nd period - Shot Misses the Net.
7:16 of 2nd period - Icing by William Nylander.
7:17 of 2nd period - Tyler Seguin wins face-off versus Drake Batherson in SEATTLE GRUNGE zone.
7:17 of 2nd period - Tyler Seguin is hit by Frank Vatrano.
7:37 of 2nd period - Icing by Nico Sturm.
7:38 of 2nd period - Tyler Seguin wins face-off versus Joel Farabee in SEATTLE GRUNGE zone.
7:54 of 2nd period - Icing by Nico Sturm.
7:55 of 2nd period - Sean Monahan wins face-off versus Mark Kastelic in SEATTLE GRUNGE zone.
7:59 of 2nd period - Curtis Lazar is hit by Mark Kastelic and loses puck.
8:04 of 2nd period - Jimmy Vesey is hit by Mark Kastelic and loses puck.
8:20 of 2nd period - Shot by Elmer Soderblom.
8:20 of 2nd period - Shot Misses the Net.
8:22 of 2nd period - Shot by Elmer Soderblom.
8:22 of 2nd period - Stopped by Karel Vejmelka with a rebound.
8:24 of 2nd period - Shot by Adam Boqvist.
8:24 of 2nd period - Shot Misses the Net.
8:42 of 2nd period - Kaiden Guhle is hit by Denis Malgin and loses puck.
8:47 of 2nd period - Shot by Wyatt Johnston.
8:47 of 2nd period - Stopped by Karel Vejmelka without a rebound.
8:48 of 2nd period - Drake Batherson wins face-off versus Tyler Seguin in SEATTLE GRUNGE zone.
8:59 of 2nd period - Shot by Drake Batherson.
8:59 of 2nd period - Deflect By Joel Farabee.
8:59 of 2nd period - Stopped by Karel Vejmelka without a rebound.
9:00 of 2nd period - Rem Pitlick wins face-off versus Denis Malgin in SEATTLE GRUNGE zone.
9:00 of 2nd period - Rem Pitlick is hit by Denis Malgin.
9:14 of 2nd period - Shot by Alexey Toropchenko.
9:14 of 2nd period - Stopped by Connor Hellebuyck without a rebound.
9:15 of 2nd period - Tyler Seguin wins face-off versus Drake Batherson in SAN DIEGO THUNDER zone.
9:22 of 2nd period - Shot by Tyler Seguin.
9:22 of 2nd period - Stopped by Connor Hellebuyck without a rebound.
9:23 of 2nd period - Tyler Seguin wins face-off versus Wyatt Johnston in SAN DIEGO THUNDER zone.
9:40 of 2nd period - Shot by Tyler Seguin.
9:40 of 2nd period - Shot Misses the Net.
9:49 of 2nd period - Off-side.
9:50 of 2nd period - Travis Boyd wins face-off versus Drake Batherson in neutral zone.
10:20 of 2nd period - Icing by William Borgen.
10:21 of 2nd period - Wyatt Johnston wins face-off versus Travis Boyd in SEATTLE GRUNGE zone.
11:20 of 2nd period - Shot by William Nylander.
11:20 of 2nd period - Stopped by Connor Hellebuyck without a rebound.
11:21 of 2nd period - Sean Monahan wins face-off versus Drake Batherson in SAN DIEGO THUNDER zone.
11:22 of 2nd period - Shot by Jimmy Vesey.
11:22 of 2nd period - Stopped by Connor Hellebuyck without a rebound.
11:23 of 2nd period - Sean Monahan wins face-off versus Drake Batherson in SAN DIEGO THUNDER zone.
11:50 of 2nd period - Shot by Drake Batherson.
11:50 of 2nd period - Shot Misses the Net.
12:09 of 2nd period - Icing by Nick Seeler.
12:10 of 2nd period - Sean Monahan wins face-off versus Mark Kastelic in SEATTLE GRUNGE zone.
12:20 of 2nd period - Icing by Charles McAvoy.
12:21 of 2nd period - Tyler Seguin wins face-off versus Mark Kastelic in SAN DIEGO THUNDER zone.
12:26 of 2nd period - Shot by William Nylander.
12:26 of 2nd period - Shot Misses the Net.
12:40 of 2nd period - Shot by Charles McAvoy.
12:40 of 2nd period - Shot Misses the Net.
12:42 of 2nd period - Shot by Charles McAvoy.
12:42 of 2nd period - Stopped by Karel Vejmelka without a rebound.
12:43 of 2nd period - Travis Boyd wins face-off versus Wyatt Johnston in SEATTLE GRUNGE zone.
13:35 of 2nd period - William Nylander is hit by Alexandre Carrier and loses puck.
13:46 of 2nd period - Shot by Morgan Geekie.
13:46 of 2nd period - Shot Misses the Net.
13:48 of 2nd period - Shot by Tyler Seguin.
13:48 of 2nd period - Stopped by Connor Hellebuyck without a rebound.
13:49 of 2nd period - Sean Monahan wins face-off versus Drake Batherson in SAN DIEGO THUNDER zone.
13:51 of 2nd period - Curtis Lazar is hit by Erik Cernak and loses puck.
14:10 of 2nd period - Shot by Drake Batherson.
14:10 of 2nd period - Stopped by Karel Vejmelka without a rebound.
14:11 of 2nd period - Tyler Seguin wins face-off versus Mark Kastelic in SEATTLE GRUNGE zone.
14:18 of 2nd period - Shot by William Nylander.
14:18 of 2nd period - Shot Misses the Net.
14:36 of 2nd period - Shot by Elmer Soderblom.
14:36 of 2nd period - Stopped by Karel Vejmelka with a rebound.
14:38 of 2nd period - Shot by Derek Forbort.
14:38 of 2nd period - Shot Misses the Net.
14:40 of 2nd period - Shot by Derek Forbort.
14:40 of 2nd period - Stopped by Karel Vejmelka without a rebound.
14:41 of 2nd period - Travis Boyd wins face-off versus Drake Batherson in SEATTLE GRUNGE zone.
15:00 of 2nd period - Shot by Nico Sturm.
15:00 of 2nd period - Shot Misses the Net.
15:40 of 2nd period - Travis Sanheim is hit by Drake Batherson and loses puck.
16:30 of 2nd period - Shot by Morgan Geekie.
16:30 of 2nd period - Deflect By William Nylander.
16:30 of 2nd period - Shot Blocked by Isac Lundestrom.
16:46 of 2nd period - Shot by William Nylander.
16:46 of 2nd period - Shot Misses the Net.
16:48 of 2nd period - Shot by William Nylander.
16:48 of 2nd period - Shot Blocked by Connor Murphy.
17:20 of 2nd period - Shot by Jake Neighbours.
17:20 of 2nd period - Stopped by Karel Vejmelka without a rebound.
17:21 of 2nd period - Aliaksei Protas wins face-off versus Travis Boyd in SEATTLE GRUNGE zone.
17:55 of 2nd period - Shot by Michael Pezzetta.
17:55 of 2nd period - Stopped by Karel Vejmelka without a rebound.
17:56 of 2nd period - Sean Monahan wins face-off versus Drake Batherson in SEATTLE GRUNGE zone.
18:13 of 2nd period - Shot by Joel Farabee.
18:13 of 2nd period - Shot Misses the Net.
18:25 of 2nd period - Shot by Drake Batherson.
18:25 of 2nd period - Stopped by Karel Vejmelka without a rebound.
18:26 of 2nd period - Mark Kastelic wins face-off versus Tyler Seguin in SEATTLE GRUNGE zone.
18:46 of 2nd period - Shot by Tyler Seguin.
18:46 of 2nd period - Stopped by Connor Hellebuyck with a rebound.
19:53 of 2nd period - Icing by Warren Foegele.
19:54 of 2nd period - Frank Vatrano wins face-off versus Nico Sturm in SEATTLE GRUNGE zone.
19:58 of 2nd period - Drake Batherson is hit by Brett Kulak and loses puck.
Goals for this period are 0 for SEATTLE GRUNGE vs 0 for SAN DIEGO THUNDER.
Shots for this period are 10 for SEATTLE GRUNGE vs 11 for SAN DIEGO THUNDER.

3rd period


0:01 of 3rd period - Drake Batherson wins face-off versus Tyler Seguin in neutral zone.
1:13 of 3rd period - Off-side.
1:14 of 3rd period - Mark Kastelic wins face-off versus Warren Foegele in neutral zone.
1:42 of 3rd period - Nico Sturm is hit by Connor Murphy.
1:44 of 3rd period - Shot by Kaiden Guhle.
1:44 of 3rd period - Shot Misses the Net.
2:14 of 3rd period - Shot by Wyatt Johnston.
2:14 of 3rd period - Stopped by Karel Vejmelka with a rebound.
2:24 of 3rd period - Isac Lundestrom is hit by Warren Foegele and loses puck.
2:31 of 3rd period - Kaiden Guhle is hit by Isac Lundestrom and loses puck.
3:30 of 3rd period - Shot by Erik Cernak.
3:30 of 3rd period - Stopped by Karel Vejmelka with a rebound.
3:50 of 3rd period - Shot by Joel Farabee.
3:50 of 3rd period - Shot Blocked by Nikita Zaitsev.
3:54 of 3rd period - Shot by Drake Batherson.
3:54 of 3rd period - Shot Blocked by Nikita Zaitsev.
3:56 of 3rd period - Shot by Frank Vatrano.
3:56 of 3rd period - Stopped by Karel Vejmelka with a rebound.
4:00 of 3rd period - Shot by Drake Batherson.
4:00 of 3rd period - Shot Blocked by Nick Seeler.
4:02 of 3rd period - Shot by Connor Murphy.
4:02 of 3rd period - Stopped by Karel Vejmelka without a rebound.
4:03 of 3rd period - Tyler Seguin wins face-off versus Mark Kastelic in SEATTLE GRUNGE zone.
4:50 of 3rd period - Shot by Frank Vatrano.
4:50 of 3rd period - Stopped by Karel Vejmelka with a rebound.
5:10 of 3rd period - Shot by Frank Vatrano.
5:10 of 3rd period - Stopped by Karel Vejmelka without a rebound.
5:11 of 3rd period - Isac Lundestrom wins face-off versus Jakub Vrana in SEATTLE GRUNGE zone.
5:30 of 3rd period - Nick Seeler is hit by Denis Malgin.
5:38 of 3rd period - Derek Forbort is hit by Rem Pitlick and loses puck.
6:12 of 3rd period - Sean Monahan is hit by Erik Cernak and loses puck.
6:34 of 3rd period - Tyler Seguin is hit by Erik Cernak and loses puck.
7:09 of 3rd period - Minor Penalty to Erik Cernak for Tripping.
7:10 of 3rd period - Tyler Seguin wins face-off versus Aliaksei Protas in SAN DIEGO THUNDER zone.
7:15 of 3rd period - Shot by William Nylander.
7:15 of 3rd period - Stopped by Connor Hellebuyck without a rebound.
7:16 of 3rd period - Tyler Seguin wins face-off versus Frank Vatrano in SAN DIEGO THUNDER zone.
8:05 of 3rd period - Shot by Travis Boyd.
8:05 of 3rd period - Stopped by Connor Hellebuyck with a rebound.
8:07 of 3rd period - Shot by Brett Kulak.
8:07 of 3rd period - Stopped by Connor Hellebuyck without a rebound.
8:08 of 3rd period - Travis Boyd wins face-off versus Joel Farabee in SAN DIEGO THUNDER zone.
8:37 of 3rd period - Shot by Travis Boyd.
8:37 of 3rd period - Goal by Travis Boyd - SEATTLE GRUNGE : 1 - SAN DIEGO THUNDER : 0.
8:38 of 3rd period - Mark Kastelic wins face-off versus Sean Monahan in neutral zone.
8:47 of 3rd period - Shot by Mark Kastelic.
8:47 of 3rd period - Deflect By Jake Neighbours.
8:47 of 3rd period - Stopped by Karel Vejmelka without a rebound.
8:48 of 3rd period - Aliaksei Protas wins face-off versus Alexey Toropchenko in SEATTLE GRUNGE zone.
9:07 of 3rd period - Shot by Michael Pezzetta.
9:07 of 3rd period - Stopped by Karel Vejmelka with a rebound.
9:47 of 3rd period - Shot by Isac Lundestrom.
9:47 of 3rd period - Stopped by Karel Vejmelka without a rebound.
9:48 of 3rd period - Mark Kastelic wins face-off versus Travis Boyd in SEATTLE GRUNGE zone.
10:23 of 3rd period - Icing by Connor Murphy.
10:24 of 3rd period - Mark Kastelic wins face-off versus Tyler Seguin in SAN DIEGO THUNDER zone.
10:54 of 3rd period - Shot by William Nylander.
10:54 of 3rd period - Shot Misses the Net.
10:56 of 3rd period - Shot by William Nylander.
10:56 of 3rd period - Stopped by Connor Hellebuyck without a rebound.
10:57 of 3rd period - Sean Monahan wins face-off versus Denis Malgin in SAN DIEGO THUNDER zone.
10:57 of 3rd period - Sean Monahan is hit by Charles McAvoy.
11:01 of 3rd period - Shot by Sean Monahan.
11:01 of 3rd period - Shot Misses the Net.
11:11 of 3rd period - Jimmy Vesey is hit by Erik Cernak and loses puck.
11:17 of 3rd period - Isac Lundestrom is hit by Curtis Lazar and loses puck.
11:47 of 3rd period - Shot by Travis Boyd.
11:47 of 3rd period - Stopped by Connor Hellebuyck with a rebound.
11:54 of 3rd period - Isac Lundestrom is hit by Brett Kulak and loses puck.
12:00 of 3rd period - Icing by Travis Boyd.
12:01 of 3rd period - Drake Batherson wins face-off versus Travis Boyd in SEATTLE GRUNGE zone.
12:24 of 3rd period - Shot by Warren Foegele.
12:24 of 3rd period - Stopped by Connor Hellebuyck without a rebound.
12:25 of 3rd period - Tyler Seguin wins face-off versus Aliaksei Protas in SAN DIEGO THUNDER zone.
13:08 of 3rd period - Tyler Seguin is hit by Connor Murphy and loses puck.
13:12 of 3rd period - Minor Penalty to Michael Pezzetta for Tripping.
13:13 of 3rd period - Drake Batherson wins face-off versus Travis Boyd in SAN DIEGO THUNDER zone.
13:48 of 3rd period - Shot by Travis Boyd.
13:48 of 3rd period - Shot Misses the Net.
13:50 of 3rd period - Shot by Travis Sanheim.
13:50 of 3rd period - Stopped by Connor Hellebuyck without a rebound.
13:51 of 3rd period - Tyler Seguin wins face-off versus Joel Farabee in SAN DIEGO THUNDER zone.
14:04 of 3rd period - Shot by William Nylander.
14:04 of 3rd period - Shot Misses the Net.
14:22 of 3rd period - Icing by Nikita Zaitsev.
14:23 of 3rd period - Tyler Seguin wins face-off versus Drake Batherson in SEATTLE GRUNGE zone.
15:11 of 3rd period - Shot by Travis Sanheim.
15:11 of 3rd period - Shot Misses the Net.
16:15 of 3rd period - Adam Boqvist is hit by Alexey Toropchenko and loses puck.
16:17 of 3rd period - Minor Penalty to Jakub Vrana for Hooking.
16:18 of 3rd period - Drake Batherson wins face-off versus William Nylander in SEATTLE GRUNGE zone.
18:04 of 3rd period - Shot by Drake Batherson.
18:04 of 3rd period - Shot Misses the Net.
18:06 of 3rd period - Shot by Charles McAvoy.
18:06 of 3rd period - Goal by Charles McAvoy - SEATTLE GRUNGE : 1 - SAN DIEGO THUNDER : 1.
18:07 of 3rd period - Michael Pezzetta wins face-off versus Rem Pitlick in neutral zone.
19:21 of 3rd period - Shot by William Nylander.
19:21 of 3rd period - Shot Misses the Net.
19:23 of 3rd period - Shot by William Nylander.
19:23 of 3rd period - Stopped by Connor Hellebuyck without a rebound.
19:24 of 3rd period - Travis Boyd wins face-off versus Drake Batherson in SAN DIEGO THUNDER zone.
19:27 of 3rd period - Shot by Nico Sturm.
19:27 of 3rd period - Shot Blocked by Drake Batherson.
19:29 of 3rd period - Shot by Nico Sturm.
19:29 of 3rd period - Shot Misses the Net.
19:57 of 3rd period - Shot by Frank Vatrano.
19:57 of 3rd period - Shot Misses the Net.
Goals for this period are 1 for SEATTLE GRUNGE vs 1 for SAN DIEGO THUNDER.
Shots for this period are 9 for SEATTLE GRUNGE vs 10 for SAN DIEGO THUNDER.

Overtime #1


0:01 of 1st overtime period - Drake Batherson wins face-off versus Tyler Seguin in neutral zone.
0:10 of 1st overtime period - Icing by Tyler Seguin.
0:11 of 1st overtime period - Tyler Seguin wins face-off versus Drake Batherson in SEATTLE GRUNGE zone.
0:55 of 1st overtime period - Shot by William Nylander.
0:55 of 1st overtime period - Stopped by Connor Hellebuyck without a rebound.
0:56 of 1st overtime period - Wyatt Johnston wins face-off versus Sean Monahan in SAN DIEGO THUNDER zone.
1:13 of 1st overtime period - Shot by Wyatt Johnston.
1:13 of 1st overtime period - Stopped by Karel Vejmelka without a rebound.
1:14 of 1st overtime period - Tyler Seguin wins face-off versus Drake Batherson in SEATTLE GRUNGE zone.
1:42 of 1st overtime period - Shot by Tyler Seguin.
1:42 of 1st overtime period - Shot Misses the Net.
1:44 of 1st overtime period - Shot by William Nylander.
1:44 of 1st overtime period - Stopped by Connor Hellebuyck without a rebound.
1:45 of 1st overtime period - Wyatt Johnston wins face-off versus Sean Monahan in SAN DIEGO THUNDER zone.
2:24 of 1st overtime period - Shot by Travis Boyd.
2:24 of 1st overtime period - Deflect By Sean Monahan.
2:24 of 1st overtime period - Stopped by Connor Hellebuyck without a rebound.
2:25 of 1st overtime period - Tyler Seguin wins face-off versus Drake Batherson in SAN DIEGO THUNDER zone.
2:38 of 1st overtime period - Shot by Tyler Seguin.
2:38 of 1st overtime period - Deflect By William Nylander.
2:38 of 1st overtime period - Goal by William Nylander - SEATTLE GRUNGE : 2 - SAN DIEGO THUNDER : 1.
Goals for this period are 1 for SEATTLE GRUNGE vs 0 for SAN DIEGO THUNDER.
Shots for this period are 4 for SEATTLE GRUNGE vs 1 for SAN DIEGO THUNDER.


BLAKE
WHEELER
STEVEN
STAMKOS
DREW
DOUGHTY

EAST COAST

HOCKEY LEAGUE

  • 63.RHI2PIT5
  • 64.WOR4ATL3
  • 65.QUECHW
  • 66.CHATRV